[Event "Titled Tuesday Blitz January 17 Early 2023"]
[White "Padmini, Rout"]
[Black "Liyanage, Ranindu Dilshan"]
[WhiteFideId "5029295"]
[BlackFideId "9915834"]
[WhiteElo "2375"]
[BlackElo "2342"]
[Result "0-1"]
[Round "07"]
[TimeControl "180+2"]
[Date "2023.01.17"]
[WhiteClock "0:00:17"]
[BlackClock "0:00:17"]

1. Nf3 Nf6 2. g3 e6 3. Bg2 d5 4. O-O Be7 5. c4 O-O 6. cxd5 exd5 7. d4 c6 8. Nc3 Bf5 9. Ne5 Nbd7 10. f4 c5 11. Nxd5 Nxd5 12. Bxd5 cxd4 13. Nxd7 Qxd7 14. Bg2 Rac8 15. Bd2 Rc2 16. g4 Rxd2 17. Qxd2 Bxg4 18. Rac1 h6 19. Rc4 Bf6 20. Rfc1 b6 21. Rc7 Qa4 22. Bd5 d3 23. e3 Qb5 24. e4 Bd4+ 25. Kg2 Qxb2 26. Qxb2 Bxb2 27. Rb1 d2 28. Bb3 Bc1 29. Rbxc1 dxc1=Q 30. Rxc1 Rc8 31. Re1 Kf8 32. f5 Rc3 33. Bd5 Ke7 34. Rf1 f6 35. Rb1 Kd6 36. Rb4 Ke5 37. h4 h5 38. Kf2 Kf4 39. Ke1 Ke3 40. Rb3 Rxb3 41. axb3 Bf3 42. Bf7 Kxe4 0-1


[Site "https://www.chess.com"]

[Event "Titled Tuesday Blitz January 17 Early 2023"]
[White "Shuvalova, Polina"]
[Black "Santos Flores, Alberto"]
[WhiteFideId "24171760"]
[BlackFideId "3601234"]
[WhiteElo "2484"]
[BlackElo "2164"]
[Result "1-0"]
[Round "07"]
[TimeControl "180+2"]
[Date "2023.01.17"]
[WhiteClock "0:00:12"]
[BlackClock "0:00:08"]

1. d4 d5 2. Nf3 Nf6 3. Bf4 c5 4. e3 Nc6 5. Nbd2 cxd4 6. exd4 Bf5 7. Bb5 Rc8 8. O-O a6 9. Ba4 b5 10. Bb3 e6 11. c3 Be7 12. Qe2 Qb6 13. Ne5 Nxe5 14. Bxe5 O-O 15. a3 a5 16. Rfc1 b4 17. cxb4 axb4 18. a4 Nd7 19. a5 Qa7 20. a6 Nxe5 21. dxe5 Bc5 22. Nf1 Rc6 23. Bc2 Bxc2 24. Rxc2 Rfc8 25. Rac1 Qc7 26. Kh1 Qb6 27. h4 Bd4 28. a7 Qb7 29. Rxc6 Rxc6 30. Rxc6 Qxc6 31. Qb5 1-0


[Site "https://www.chess.com"]

[Event "Titled Tuesday Blitz January 17 Early 2023"]
[White "Aloma Vidal, Robert"]
[Black "Pasaribu, Ivan Maxmillian Putra"]
[WhiteFideId "2260409"]
[BlackFideId "7104219"]
[WhiteElo "2442"]
[BlackElo "2229"]
[Result "1/2-1/2"]
[Round "07"]
[TimeControl "180+2"]
[Date "2023.01.17"]
[WhiteClock "0:00:17"]
[BlackClock "0:00:50"]

1. e4 c5 2. c3 Nf6 3. e5 Nd5 4. Nf3 c4 5. Bxc4 Nb6 6. Bb3 Nc6 7. d4 d5 8. exd6 Qxd6 9. c4 Qe6+ 10. Be3 Nxc4 11. d5 Nxe3 12. dxe6 Nxd1 13. exf7+ Kd8 14. Kxd1 e6 15. Nc3 Bb4 16. Ne4 Ke7 17. a3 Ba5 18. Ke2 Kxf7 19. Rad1 Ke7 20. h3 Rd8 21. Rxd8 Bxd8 22. Re1 Ba5 23. Rd1 Bb6 24. Nfg5 h6 25. Nf3 Bd7 26. Nd6 Rb8 27. Ba4 Nd4+ 28. Nxd4 Bxa4 29. b3 Bxd4 30. Rxd4 Bxb3 31. Ne4 Bd5 32. Nc3 Bc6 33. f3 Rd8 34. Rg4 Kf6 35. h4 h5 36. Rg5 g6 37. Rc5 Rd4 38. g3 e5 39. Ke3 Ke6 40. Ra5 a6 41. f4 Rc4 42. Rxe5+ Kf6 43. Ne2 Ra4 44. Nd4 Rxa3+ 45. Kf2 Bd7 46. Rd5 Bg4 47. Rd6+ Kf7 48. Rb6 Ra2+ 49. Ke3 Ra3+ 50. Ke4 Rxg3 51. Rxb7+ Kf6 52. Rb6+ Kg7 53. Rxa6 Rh3 54. f5 gxf5+ 55. Nxf5+ Bxf5+ 56. Kxf5 Rxh4 57. Kg5 1/2-1/2


[Site "https://www.chess.com"]

[Event "Titled Tuesday Blitz January 17 Early 2023"]
[White "Kukula, Pawel"]
[Black "Klose, Eli"]
[WhiteFideId "1115081"]
[BlackFideId "16242955"]
[WhiteElo "2135"]
[BlackElo "1519"]
[Result "1-0"]
[Round "07"]
[TimeControl "180+2"]
[Date "2023.01.17"]
[WhiteClock "0:00:11"]
[BlackClock "0:00:10"]

1. c4 Nf6 2. Nc3 c5 3. Nf3 Nc6 4. d4 cxd4 5. Nxd4 d6 6. g3 Bd7 7. Bg2 g6 8. O-O Bg7 9. b3 O-O 10. Bb2 Qa5 11. Rc1 Rfe8 12. Nc2 Rac8 13. Ne3 a6 14. Qd2 b5 15. Rfd1 bxc4 16. Nxc4 Qc7 17. Na4 Rb8 18. Ne3 Qb7 19. Bxf6 Bxf6 20. Nd5 Bd4 21. Rxc6 Bxc6 22. Qxd4 Bxd5 23. Bxd5 Qb4 24. Qxb4 Rxb4 25. Bc4 a5 26. Nb2 Rd8 27. e4 e6 28. Nd3 Rb6 29. a4 Kf8 30. Kf1 Ke7 31. Ke2 Rc6 32. Kd2 Rc7 33. Nb2 Rb8 34. Bb5 Rbc8 35. Bd3 d5 36. exd5 exd5 37. Bb1 Kd6 38. Nd3 Rb8 39. Bc2 Rbc8 40. Rc1 h5 41. h4 Rc6 42. b4 axb4 43. Nxb4 Rc4 44. Nd3 Rb8 45. Ra1 Ra8 46. Bb3 Rc7 47. Rd1 Ra5 48. Nf4 Rb7 49. Bc2 Ke5 50. Re1+ Kf6 51. Re3 Rc7 52. Rc3 Rxc3 53. Kxc3 Ke5 54. Nd3+ Kd6 55. Bb3 Ra8 56. Nf4 Kc5 57. Nxd5 Re8 58. Nf4 Re1 59. Nd3+ Kb6 60. Nxe1 Ka5 61. Bxf7 Kb6 62. Bxg6 Kc5 63. Bxh5 Kb6 64. Bf3 Ka5 65. Bg2 Kxa4 66. Nf3 Kb5 67. Nd2 Ka5 68. Ne4 Kb5 69. h5 Kb6 70. h6 Kc6 71. h7 Kb7 72. h8=Q Kc6 73. Nd2+ Kc5 74. Qd4+ Kb5 75. Qc4+ Ka5 76. Qb4+ Ka6 77. Bb7+ Ka7 78. Bc6 Ka6 79. Qb7+ Ka5 80. Nb3# 1-0


[Site "https://www.chess.com"]

[Event "Titled Tuesday Blitz January 17 Early 2023"]
[White "Womacka, Mathias"]
[Black "Tologon tegin, Semetei"]
[WhiteFideId "4611390"]
[BlackFideId "13800574"]
[WhiteElo "2396"]
[BlackElo "2372"]
[Result "1-0"]
[Round "07"]
[TimeControl "180+2"]
[Date "2023.01.17"]
[WhiteClock "0:01:29"]
[BlackClock "0:00:03"]

1. e4 e5 2. Nf3 Nc6 3. Bb5 a6 4. Bxc6 dxc6 5. O-O Qf6 6. d4 exd4 7. Bg5 Qd6 8. Nxd4 Be7 9. Bxe7 Nxe7 10. Nc3 Bd7 11. Qd2 O-O-O 12. Rad1 f6 13. Qe3 Qb4 14. a3 Qb6 15. b4 c5 16. bxc5 Qxc5 17. Nf5 Qe5 18. f4 Nxf5 19. Qa7 c6 20. fxe5 Ne3 21. Qxe3 1-0


[Site "https://www.chess.com"]

[Event "Titled Tuesday Blitz January 17 Early 2023"]
[White "Poeta, Caio Medeiros"]
[Black "Pfreundt, Jakob"]
[WhiteFideId "2142660"]
[BlackFideId "12918156"]
[WhiteElo "2088"]
[BlackElo "2407"]
[Result "0-1"]
[Round "07"]
[TimeControl "180+2"]
[Date "2023.01.17"]
[WhiteClock "0:00:04"]
[BlackClock "0:00:04"]

1. d4 d5 2. c4 e6 3. Nf3 c5 4. cxd5 exd5 5. g3 Nc6 6. Bg2 Nf6 7. O-O c4 8. Nc3 Be7 9. Ne5 O-O 10. b3 cxb3 11. Nxc6 bxc6 12. Qxb3 Bf5 13. Bf4 Re8 14. Rac1 Qd7 15. Na4 Bh3 16. Nc5 Bxc5 17. Rxc5 Ne4 18. Rc2 Bxg2 19. Kxg2 Re6 20. f3 Nd6 21. Bxd6 Qxd6 22. Rfc1 Rae8 23. Qd3 h5 24. Re1 h4 25. e3 hxg3 26. hxg3 Rg6 27. f4 Rh6 28. Rcc1 Qe6 29. Kf3 Rh2 30. Rh1 Rxa2 31. Rh5 g6 32. Re5 Qd7 33. Rxe8+ Qxe8 34. f5 Kg7 35. g4 Qh8 36. f6+ Kxf6 37. Rxc6+ Kg5 38. Qf1 Qe8 39. Kg3 Qb8+ 40. Qf4+ Qxf4+ 41. exf4+ Kh6 42. g5+ Kg7 43. Rd6 Ra5 44. Kg4 Rb5 45. Rd7 a5 46. Kf3 a4 47. Ke3 Rb3+ 48. Kf2 Rb2+ 49. Kf3 Rb3+ 50. Kg4 Rb5 51. Rd6 Ra5 52. Rc6 a3 53. Rc1 a2 54. Ra1 Ra3 55. Kh4 Ra4 56. Kg4 Kf8 57. Kf3 Ke7 58. Ke3 Kd6 59. Kd3 Kc6 60. Kc3 Kb5 61. Kb3 Rb4+ 0-1


[Site "https://www.chess.com"]

[Event "Titled Tuesday Blitz January 17 Early 2023"]
[White "Sihite, Chelsie Monica Ignesias"]
[Black "Kochetov, Andrey"]
[WhiteFideId "7101198"]
[BlackFideId "24130532"]
[WhiteElo "2266"]
[BlackElo "2165"]
[Result "1-0"]
[Round "07"]
[TimeControl "180+2"]
[Date "2023.01.17"]
[WhiteClock "0:00:22"]
[BlackClock "0:00:02"]

1. c4 Nf6 2. g3 e6 3. Bg2 d5 4. cxd5 exd5 5. Nf3 Bd6 6. d4 O-O 7. O-O c6 8. Nc3 Bf5 9. Qb3 Qb6 10. Bg5 Nbd7 11. Bxf6 Nxf6 12. e3 Rfe8 13. Nd2 h5 14. h3 Qc7 15. Rac1 Qd7 16. h4 Bh3 17. Nf3 Ne4 18. Nxe4 dxe4 19. Bxh3 Qxh3 20. Qxf7+ Kh8 21. Qxh5+ Kg8 22. Qh7+ Kxh7 23. Ng5+ Kg6 24. Nxh3 Kf5 25. Kg2 b6 26. f3 c5 27. Rcd1 Kg6 28. g4 exf3+ 29. Rxf3 cxd4 30. Rxd4 Bc5 31. Nf4+ Kh7 32. Rd3 Rac8 33. g5 Re5 34. Kh3 Rce8 35. Nd5 Kg6 36. Kg4 Re4+ 37. Nf4+ Kh7 38. Kh5 Bxe3 39. Ng6 Bc5 40. Rd7 a5 41. Rff7 Rg8 42. Nf4 Re5 43. Kg4 Ree8 44. h5 Kh8 45. h6 Be3 46. Ng6+ Kh7 47. Rxg7+ Rxg7 48. Rxg7# 1-0


[Site "https://www.chess.com"]

[Event "Titled Tuesday Blitz January 17 Early 2023"]
[White "Aldokhin, Ivan"]
[Black "Korchmar, Vasiliy"]
[WhiteFideId "24115720"]
[BlackFideId "24131750"]
[WhiteElo "2413"]
[BlackElo "2438"]
[Result "1-0"]
[Round "07"]
[TimeControl "180+2"]
[Date "2023.01.17"]
[WhiteClock "0:00:02"]
[BlackClock "0:00:01"]

1. e4 c5 2. Nf3 d6 3. d4 cxd4 4. Nxd4 Nf6 5. Nc3 Nc6 6. Bc4 Qb6 7. Nb3 e6 8. Be3 Qc7 9. Qe2 a6 10. Bd3 Be7 11. O-O-O b5 12. Kb1 Ne5 13. f4 Nc4 14. Bc1 O-O 15. g4 Nd7 16. g5 Rb8 17. h4 a5 18. h5 a4 19. Nd4 Ba6 20. g6 Bf6 21. gxf7+ Rxf7 22. Nxe6 Qa5 23. Nd5 Re8 24. Nec7 Rc8 25. e5 dxe5 26. Qe4 Nf8 27. Nxf6+ Rxf6 28. fxe5 Nxe5 29. Nd5 Re6 30. h6 Nxd3 31. Qxd3 b4 32. Qg3 Ng6 33. hxg7 Qc5 34. Qh2 Nh4 35. Qxh4 Qxc2+ 36. Ka1 Bc4 37. Ne7+ Rxe7 38. Qxe7 Bd5 39. Qxb4 a3 40. Qxa3 Bxh1 41. Qb3+ Qxb3 42. axb3 Bf3 43. Rg1 h5 44. Bd2 Bg4 45. Bc3 Kf7 46. Kb1 Kg6 47. Rf1 Kh7 48. Rf8 1-0


[Site "https://www.chess.com"]

[Event "Titled Tuesday Blitz January 17 Early 2023"]
[White "Djokovic, Nebojsa"]
[Black "Jovic, Stanoje"]
[WhiteFideId "938300"]
[BlackFideId "905020"]
[WhiteElo "2119"]
[BlackElo "2075"]
[Result "1/2-1/2"]
[Round "07"]
[TimeControl "180+2"]
[Date "2023.01.17"]
[WhiteClock "0:00:05"]
[BlackClock "0:00:41"]

1. c4 e5 2. Nc3 Nf6 3. Nf3 Nc6 4. d3 Bb4 5. Bd2 O-O 6. g3 Bxc3 7. Bxc3 e4 8. dxe4 Nxe4 9. Qc2 Nxc3 10. Qxc3 d6 11. Bg2 Re8 12. e3 Ne5 13. O-O Qf6 14. Nd4 c6 15. Rad1 h5 16. h4 Bg4 17. Rd2 c5 18. Nb5 Nf3+ 19. Bxf3 Qxf3 20. e4 a6 21. Qxf3 Bxf3 22. Nc7 Bxe4 23. Nxa8 Rxa8 24. Rxd6 Bc6 25. Re1 Kf8 26. Re5 g6 27. Rxc5 Re8 28. Rdxc6 bxc6 29. Rxc6 Re2 30. Rb6 a5 31. a3 Rc2 32. Rb5 a4 33. Kg2 Ke7 34. Rb4 Kd6 35. Kf3 f6 36. Rb6+ Ke5 37. Rb4 Kd6 38. c5+ Ke5 39. Rxa4 Rxb2 40. Rb4 Rc2 41. Rb5 Rc3+ 42. Kg2 Rxa3 43. Rb6 Rc3 44. c6 g5 45. hxg5 fxg5 46. Rb5+ Kf6 47. Rb6 Kf5 48. Rb5+ Kf6 49. Rb6 Kf5 50. f3 g4 51. Rb5+ Kg6 52. fxg4 hxg4 53. Rb6 Rc2+ 54. Kf1 Kf5 55. Kg1 Ke4 56. Rb4+ Kf3 57. Rb3+ Ke4 58. Rb6 Kf3 59. Rb3+ Ke4 60. Rb6 Kf3 61. Rb3+ 1/2-1/2


[Site "https://www.chess.com"]

[Event "Titled Tuesday Blitz January 17 Early 2023"]
[White "Sreyas Payyappat"]
[Black "Andreev, Eduard"]
[WhiteFideId "46674969"]
[BlackFideId "14103400"]
[WhiteElo "2076"]
[BlackElo "2413"]
[Result "0-1"]
[Round "07"]
[TimeControl "180+2"]
[Date "2023.01.17"]
[WhiteClock "0:00:03"]
[BlackClock "0:00:21"]

1. e4 c5 2. Nc3 d6 3. f4 Nc6 4. Nf3 g6 5. d4 cxd4 6. Nxd4 Bg7 7. Be3 Nf6 8. Be2 Qb6 9. Qd3 Qxb2 10. O-O Qa3 11. e5 dxe5 12. Ndb5 Qa5 13. fxe5 Nxe5 14. Qd4 Nc6 15. Qf4 O-O 16. Bc5 a6 17. a4 axb5 18. Nxb5 Bf5 19. g4 Bxc2 20. Rfc1 Bb3 21. Qe3 Be6 22. Nd4 Nxd4 23. Bxd4 Nd5 24. Qf2 Bxd4 25. Qxd4 Qb6 26. Qxb6 Nxb6 27. a5 Nd5 28. Bf3 Rac8 29. Rcb1 Rc7 30. a6 bxa6 31. Rxa6 Nc3 32. Rc1 Ne2+ 33. Bxe2 Rxc1+ 0-1


[Site "https://www.chess.com"]

[Event "Titled Tuesday Blitz January 17 Early 2023"]
[White "Erzhanov, Arman"]
[Black "Ismagilov, Damir"]
[WhiteFideId "4138821"]
[BlackFideId "34199982"]
[WhiteElo "2228"]
[BlackElo "2156"]
[Result "1-0"]
[Round "07"]
[TimeControl "180+2"]
[Date "2023.01.17"]
[WhiteClock "0:00:06"]
[BlackClock "0:00:13"]

1. e4 d6 2. d4 g6 3. Nc3 Bg7 4. f3 e5 5. Be3 Nc6 6. Nge2 exd4 7. Nxd4 Nge7 8. Qd2 Ne5 9. Bh6 O-O 10. h4 c5 11. Ndb5 d5 12. Bxg7 Kxg7 13. Nxd5 Nxd5 14. Qxd5 Qxd5 15. exd5 a6 16. Nc3 Bf5 17. O-O-O h5 18. Ne4 Bxe4 19. fxe4 Rfe8 20. Be2 Rad8 21. Rhe1 Rd6 22. b3 b5 23. Kb2 Nd7 24. Bd3 Re5 25. c4 b4 26. Rf1 Nf6 27. Rf4 Re7 28. Rdf1 Ng4 29. Re1 Rf6 30. g3 Rd6 31. Kc2 Ne5 32. Ra1 a5 33. a3 Rf6 34. axb4 axb4 35. Ra5 Rc7 36. Rxf6 Kxf6 37. Ra6+ Kg7 38. Be2 f6 39. Kd2 Rc8 40. Bf1 Rc7 41. Bh3 Nf3+ 42. Ke3 Nd4 43. d6 Rb7 44. Ra8 f5 45. exf5 gxf5 46. Kf4 Nxb3 47. Bxf5 Nd4 48. d7 Nc6 49. d8=Q Nxd8 50. Rxd8 Kf6 51. Rd6+ Ke7 52. Rc6 b3 53. Rxc5 b2 54. Bb1 Rb3 55. Rb5 Rc3 56. Rxb2 Rxc4+ 57. Kg5 Rg4+ 58. Kxh5 Rxg3 59. Rb5 Kf8 60. Be4 Re3 61. Bg6 Re1 62. Kh6 Rh1 63. h5 Rh2 64. Kh7 Rd2 65. h6 Rd7+ 66. Kh8 Rd8 67. Rb7 Rc8 68. Rf7+ Ke8 69. Rc7+ Kd8 70. Rxc8+ Kxc8 71. Kg8 Kd7 72. h7 Kd6 73. h8=Q Kc5 74. Qe5+ Kb4 75. Qd5 Kc3 76. Qe4 Kb2 77. Qc4 Ka1 78. Qb4 Ka2 79. Bf5 Ka1 80. Kf7 Ka2 81. Ke6 Ka1 82. Kd5 Ka2 83. Kc4 Ka1 84. Kc3 Ka2 85. Qb2# 1-0


[Site "https://www.chess.com"]

[Event "Titled Tuesday Blitz January 17 Early 2023"]
[White "Papayan, Oleg"]
[Black "Odegov, Artem"]
[WhiteFideId "4193911"]
[BlackFideId "34183644"]
[WhiteElo "2253"]
[BlackElo "2261"]
[Result "1-0"]
[Round "07"]
[TimeControl "180+2"]
[Date "2023.01.17"]
[WhiteClock "0:01:11"]
[BlackClock "0:00:02"]

1. e4 e6 2. d4 d5 3. Nc3 Bb4 4. e5 c5 5. a3 Bxc3+ 6. bxc3 Ne7 7. Qg4 cxd4 8. cxd4 Qc7 9. Bd2 O-O 10. Bd3 f5 11. exf6 Rxf6 12. Nf3 e5 13. Qg3 Nbc6 14. dxe5 Nf5 15. Qf4 Rf8 16. O-O Nfd4 17. Bxh7+ Kxh7 18. Qxf8 Bf5 19. Ng5+ Kg6 20. Qxa8 Nxe5 21. Qe8+ Kf6 22. Rfe1 Ng4 23. Qf8+ Kg6 24. Qh8 1-0


[Site "https://www.chess.com"]

[Event "Titled Tuesday Blitz January 17 Early 2023"]
[White "Rosenberg, Evan S"]
[Black "Mohamed Anees M"]
[WhiteFideId "2019299"]
[BlackFideId "35065815"]
[WhiteElo "1956"]
[BlackElo "2315"]
[Result "0-1"]
[Round "07"]
[TimeControl "180+2"]
[Date "2023.01.17"]
[WhiteClock "0:00:08"]
[BlackClock "0:01:22"]

1. d4 Nf6 2. Nf3 g6 3. Nc3 Bg7 4. e4 d6 5. Be2 O-O 6. O-O c5 7. e5 Nfd7 8. Bg5 dxe5 9. dxe5 Nc6 10. e6 fxe6 11. Bc4 Nb6 12. Qe2 Rxf3 13. gxf3 Nd4 14. Qd3 Nxc4 15. Qxc4 Nxf3+ 16. Kh1 Nxg5 17. Rad1 Bd7 18. Qxc5 Bc6+ 19. f3 Nxf3 20. Rxd8+ Rxd8 21. Qxe7 Ng5+ 22. Rf3 Bxf3+ 23. Kg1 Nh3+ 24. Kf1 Rf8 25. Ke1 Nf4 26. h4 Bf6 27. Qd6 Bxh4+ 28. Kd2 Rd8 0-1


[Site "https://www.chess.com"]

[Event "Titled Tuesday Blitz January 17 Early 2023"]
[White "Todorovic, Bojan"]
[Black "Omelja, Artem"]
[WhiteFideId "917087"]
[BlackFideId "14119846"]
[WhiteElo "2195"]
[BlackElo "2446"]
[Result "0-1"]
[Round "07"]
[TimeControl "180+2"]
[Date "2023.01.17"]
[WhiteClock "0:00:12"]
[BlackClock "0:01:22"]

1. d4 Nf6 2. c4 e6 3. Nc3 d5 4. cxd5 exd5 5. Bg5 c6 6. e3 Nbd7 7. Bd3 h6 8. Bh4 Be7 9. Nf3 O-O 10. O-O Re8 11. Qc2 Ne4 12. Bxe7 Qxe7 13. Bxe4 dxe4 14. Nd2 Nf6 15. Rae1 Bg4 16. f3 exf3 17. Nxf3 Ne4 18. Ne5 Nxc3 19. Rxf7 Qg5 20. Qb3 Be6 21. Qxb7 Rab8 22. Qxa7 Rxb2 23. g3 Ne2+ 24. Kf1 Bh3+ 0-1


[Site "https://www.chess.com"]

[Event "Titled Tuesday Blitz January 17 Early 2023"]
[White "Warchol, Kamil"]
[Black "Manukian, Artak"]
[WhiteFideId "21858241"]
[BlackFideId "13301373"]
[WhiteElo "2173"]
[BlackElo "2196"]
[Result "0-1"]
[Round "07"]
[TimeControl "180+2"]
[Date "2023.01.17"]
[WhiteClock "0:00:01"]
[BlackClock "0:00:23"]

1. e4 c6 2. c4 e5 3. Nf3 d6 4. d4 Nd7 5. Nc3 g6 6. Bd3 Bg7 7. Bc2 Ngf6 8. O-O O-O 9. b3 exd4 10. Nxd4 Nc5 11. Ba3 Qe7 12. Re1 Rd8 13. Qd2 Be6 14. Rad1 h5 15. h3 Qf8 16. Qe3 Re8 17. e5 Bd7 18. f4 b6 19. Qf3 dxe5 20. fxe5 Nh7 21. Nxc6 Bxc6 22. Qxc6 Bxe5 23. Nd5 Re6 24. Qb5 Rae8 25. Qb4 Bd4+ 26. Kh1 Rxe1+ 27. Rxe1 Rxe1+ 28. Qxe1 Nf6 29. Qd2 Be5 30. Qe3 Qd6 31. Nxf6+ Qxf6 32. Be4 Qf1+ 0-1


[Site "https://www.chess.com"]

[Event "Titled Tuesday Blitz January 17 Early 2023"]
[White "Vivas Zamora, Fabian Ernesto"]
[Black "Baskakov, Egor"]
[WhiteFideId "3902480"]
[BlackFideId "24197866"]
[WhiteElo "2346"]
[BlackElo "2215"]
[Result "0-1"]
[Round "07"]
[TimeControl "180+2"]
[Date "2023.01.17"]
[WhiteClock "0:00:01"]
[BlackClock "0:00:21"]

1. e4 c5 2. Nc3 Nc6 3. Bb5 g6 4. Bxc6 dxc6 5. d3 e5 6. f4 exf4 7. Bxf4 Bg7 8. Nf3 Ne7 9. Qd2 h6 10. O-O g5 11. Be3 b6 12. Rae1 O-O 13. e5 Ng6 14. Kh1 Bg4 15. Nxg5 hxg5 16. Bxg5 Qd7 17. Ne4 Kh7 18. Nf6+ Bxf6 19. Bxf6 Rh8 20. Qg5 Kg8 21. Rf4 Rh5 22. Qxg4 Qxg4 23. Rxg4 Re8 24. Rge4 Rf5 25. Kg1 Re6 26. g3 Ne7 27. Rf4 Rxf4 28. gxf4 Nd5 29. Bg5 f6 30. f5 Re8 31. Bh4 fxe5 32. Bg3 Nb4 33. Rxe5 Rf8 34. c3 Nxd3 35. Re3 Nxb2 36. Rf3 Nc4 0-1


[Site "https://www.chess.com"]

[Event "Titled Tuesday Blitz January 17 Early 2023"]
[White "Harsha Bharathakoti"]
[Black "Parpiev, Isaak"]
[WhiteFideId "5078776"]
[BlackFideId "34281576"]
[WhiteElo "2602"]
[BlackElo "2167"]
[Result "1-0"]
[Round "07"]
[TimeControl "180+2"]
[Date "2023.01.17"]
[WhiteClock "0:00:45"]
[BlackClock "0:00:03"]

1. e4 e6 2. d4 d5 3. Nc3 Nf6 4. e5 Ng8 5. f4 c5 6. Nf3 Nc6 7. Be3 cxd4 8. Nxd4 Nge7 9. Qc1 Nxd4 10. Bxd4 Nc6 11. Bf2 Bb4 12. a3 Bxc3+ 13. bxc3 O-O 14. Bd3 Bd7 15. O-O Rc8 16. a4 Na5 17. Bd4 Nc6 18. Be3 Na5 19. Qe1 b6 20. Rf3 g6 21. Rh3 Nc4 22. Bd4 Nb2 23. f5 exf5 24. e6 Nxd3 25. cxd3 Re8 26. exf7+ Kxf7 27. Rxh7+ Kg8 28. Rg7+ Kf8 29. Qg3 Re6 30. Rxg6 Rxg6 31. Qxg6 Qe7 32. Rf1 Qf7 33. Qh6+ Ke8 34. Re1+ Kd8 35. Bf6+ Kc7 36. Re7 Qf8 37. Qf4+ Kc6 38. Bh4 Re8 39. Bg3 Rxe7 40. Qc7# 1-0


[Site "https://www.chess.com"]

[Event "Titled Tuesday Blitz January 17 Early 2023"]
[White "Berezin, Viktor"]
[Black "Shipov, Sergei"]
[WhiteFideId "14107872"]
[BlackFideId "4113624"]
[WhiteElo "2307"]
[BlackElo "2541"]
[Result "0-1"]
[Round "07"]
[TimeControl "180+2"]
[Date "2023.01.17"]
[WhiteClock "0:00:02"]
[BlackClock "0:01:29"]

1. d4 d5 2. c4 dxc4 3. Nf3 Nf6 4. e3 e6 5. Bxc4 c5 6. O-O Nc6 7. Qe2 a6 8. a4 cxd4 9. exd4 Nxd4 10. Nxd4 Qxd4 11. Rd1 Qg4 12. Qxg4 Nxg4 13. Nc3 Bd7 14. Bf4 Rc8 15. Be2 Nf6 16. Bf3 Bc6 17. Bxc6+ Rxc6 18. Rac1 Be7 19. Ne2 Nd5 20. Rxc6 bxc6 21. Be5 f6 22. Bc3 Kd7 23. g3 Rb8 24. Kg2 e5 25. Kf3 Ke6 26. Rd2 Bb4 27. Ke4 Bxc3 28. bxc3 Rb3 29. Kd3 Ra3 30. f4 Rxa4 31. fxe5 fxe5 32. Rb2 c5 33. Rb7 e4+ 34. Kd2 Ra2+ 35. Ke1 Kf6 36. Rd7 Ne3 37. Rd6+ Ke5 38. Rd7 Ra1+ 39. Kf2 Ng4+ 40. Kg2 Ra2 41. Kh3 Nf2+ 42. Kg2 Rxe2 43. Rxg7 Nd3+ 44. Kh3 Rc2 45. Rxh7 Rxc3 46. Ra7 e3 47. Ra8 Ke4 48. Kg4 e2 49. Re8+ Ne5+ 50. Kg5 e1=Q 51. Kf6 Rf3+ 52. Ke6 Qd2 53. Rd8 Qxd8 54. h4 Qd7# 0-1


[Site "https://www.chess.com"]

[Event "Titled Tuesday Blitz January 17 Early 2023"]
[White "Dimitrov, Atanas"]
[Black "Kozin, Yuri"]
[WhiteFideId "2901315"]
[BlackFideId "4129920"]
[WhiteElo "2269"]
[BlackElo "2251"]
[Result "1/2-1/2"]
[Round "07"]
[TimeControl "180+2"]
[Date "2023.01.17"]
[WhiteClock "0:00:03"]
[BlackClock "0:00:15"]

1. Nf3 d5 2. e3 Nf6 3. c4 c6 4. Nc3 Bg4 5. b3 e6 6. Bb2 Nbd7 7. Be2 Bd6 8. d4 O-O 9. O-O Qe7 10. h3 Bxf3 11. Bxf3 dxc4 12. bxc4 Ba3 13. Bxa3 Qxa3 14. Qc2 Qe7 15. Rab1 Rab8 16. Rfc1 Rfd8 17. Rb2 Nb6 18. Qb3 e5 19. d5 e4 20. Be2 cxd5 21. cxd5 Nbxd5 22. Nxd5 Nxd5 23. Rbc2 Nb6 24. a4 Rbc8 25. a5 Rxc2 26. Qxc2 Nd5 27. Bc4 h6 28. Qb3 Nf6 29. Rb1 Rd7 30. Bb5 Rc7 31. Bf1 Kh7 32. Qb5 a6 33. Qb6 Nd5 34. Qd4 Nc3 35. Ra1 Nb5 36. Qd5 Rd7 37. Qb3 Qe5 38. Rb1 f5 39. g3 Rd5 40. Bc4 Rc5 41. Bf1 Nd6 42. Qb6 Rxa5 43. Rd1 Rd5 44. Rc1 Nb5 45. Bc4 Rd7 46. Be6 Rc7 47. Rxc7 Nxc7 48. Bc4 Ne8 49. Qxb7 a5 50. Qa8 Nf6 51. Kg2 h5 52. Bf7 Qe7 53. Bc4 h4 54. Qxa5 hxg3 55. Kxg3 g6 56. Kg2 Nh5 57. Qd5 Qg7 58. Qe6 Kh6 59. Qc8 Qf6 60. Qg8 f4 61. exf4 Nxf4+ 62. Kh2 Kg5 63. Qc8 Qf5 64. Qd8+ Kh5 65. Qh8+ Kg5 66. Bf1 Nh5 67. Qd8+ Nf6 68. Qd2+ Qf4+ 69. Qxf4+ Kxf4 70. Kg2 Nd5 71. Bc4 Ne7 72. Bf7 g5 73. Be6 Nc6 74. Bg4 Nd4 75. Bd1 Nf5 76. Bg4 Nh4+ 77. Kf1 e3 78. Ke2 exf2 79. Kxf2 Ng6 80. Bc8 Ne5 81. Kg2 Nd3 82. Bg4 Nc5 83. Bc8 Ne4 84. Bg4 Nf6 85. Bc8 g4 86. hxg4 Nxg4 1/2-1/2


[Site "https://www.chess.com"]

[Event "Titled Tuesday Blitz January 17 Early 2023"]
[White "Krivonosov, Oleg"]
[Black "Jimenez Almeida, Luis David"]
[WhiteFideId "11600349"]
[BlackFideId "22242244"]
[WhiteElo "2359"]
[BlackElo "2242"]
[Result "1-0"]
[Round "07"]
[TimeControl "180+2"]
[Date "2023.01.17"]
[WhiteClock "0:00:31"]
[BlackClock "0:00:11"]

1. Nf3 f5 2. d4 Nf6 3. g3 g6 4. b3 Bg7 5. Bb2 O-O 6. Bg2 d6 7. O-O a5 8. c4 Qe8 9. d5 c6 10. Nc3 e5 11. dxe6 Qxe6 12. Qd2 Na6 13. Rad1 Rd8 14. Na4 Ne4 15. Qxa5 Qe7 16. Bxg7 Kxg7 17. Qe1 Be6 18. Nd2 Nac5 19. Nxe4 Nxa4 20. Nc3 Nc5 21. Qd2 Qf6 22. Qd4 Qxd4 23. Rxd4 Kf6 24. Rfd1 Ke7 25. f4 h5 26. Kf2 Bf7 27. e4 Ne6 28. R4d2 Nc5 29. Re1 Kf6 30. Re3 h4 31. Bf3 hxg3+ 32. hxg3 Ne6 33. Red3 Ke7 34. Na4 b5 35. cxb5 cxb5 36. Nb6 Nc5 37. Nxa8 Nxd3+ 38. Rxd3 Rxa8 39. Rd2 fxe4 40. Bxe4 d5 41. Bxd5 Bxd5 42. Rxd5 Rxa2+ 43. Kf3 b4 44. Rb5 Rc2 45. Rxb4 Rc3+ 46. Kg4 Kf6 47. Rb6+ Kg7 48. b4 Kh6 49. b5 Rc5 50. Rb8 Rc4 51. b6 Rb4 52. b7 Kg7 53. Kf3 Rb3+ 54. Ke4 Rb4+ 55. Kd5 Rb6 56. g4 Rb4 57. f5 gxf5 58. gxf5 Rb5+ 59. Kc6 Rb1 60. Rc8 Rc1+ 61. Kd5 Rd1+ 62. Ke4 1-0


[Site "https://www.chess.com"]

[Event "Titled Tuesday Blitz January 17 Early 2023"]
[White "Lagno, Kateryna"]
[Black "Lehtosaari, Mauri"]
[WhiteFideId "14109336"]
[BlackFideId "501999"]
[WhiteElo "2558"]
[BlackElo "2176"]
[Result "1-0"]
[Round "07"]
[TimeControl "180+2"]
[Date "2023.01.17"]
[WhiteClock "0:00:17"]
[BlackClock "0:00:02"]

1. e4 c5 2. Nf3 e6 3. d4 cxd4 4. Nxd4 Nc6 5. Nc3 Qc7 6. Be2 a6 7. Be3 Nf6 8. O-O d6 9. f4 Bd7 10. Bf3 Nxd4 11. Bxd4 Bc6 12. e5 dxe5 13. fxe5 Nd7 14. Qe2 Bc5 15. Bxc5 Nxc5 16. Bxc6+ Qxc6 17. Rf4 O-O 18. Raf1 a5 19. a4 Rad8 20. Nb5 Nd7 21. Kh1 Qc5 22. Re4 f5 23. exf6 Rxf6 24. Rxf6 Nxf6 25. Rxe6 Qb4 26. b3 h6 27. h3 Qf4 28. Re3 Nh5 29. Qe1 Qg5 30. Nc3 Rf8 31. Ne4 Qg6 32. Ng3 Nf4 33. Qd2 1-0


[Site "https://www.chess.com"]